 Dungeon Crawl Stone Soup version 0.30.0-13-g156ef70053 (webtiles) character file.

Game seed: 15355130307922664097

4 dialectric the Covered (level 1, -1/14 HPs)
             Began as a Gargoyle Fighter on May 17, 2023.
             Slain by a frilled lizard (3 damage)
             ... on level 1 of the Dungeon.
             The game lasted 00:00:06 (56 turns).

dialectric the Covered (Gargoyle Fighter)             Turns: 56, Time: 00:00:07

Health: -1/14      AC:  9    Str: 19    XL:     1   Next: 60%
Magic:  1/1        EV:  9    Int:  8    God:
Gold:   22         SH:  0    Dex:  9    Spells: 0/0 levels left

rFire   . . .        a - +0 flail
rCold   . . .        (no shield)
rNeg    + . .        b - +0 scale mail
rPois   ∞            (no helmet)
rElec   +            (no cloak)
rCorr   .            (no gloves)
SInv    .            (no boots)
Will    .....        (no amulet) Stlth
                     (no ring)
HPRegen 0.22/turn    (no ring)
MPRegen 0.07/turn

%: no passive effects
@: no status effects
A: sickness immunity, AC +2, negative energy resistance 1, electricity
resistance, torment resistance 1, petrification resistance
a: no special abilities


You were on level 1 of the Dungeon.
You visited 1 branch of the dungeon, and saw 1 of its levels.

You collected 22 gold pieces.

Inventory:

Hand Weapons
 a - a +0 flail (weapon)
Armour
 b - a +0 scale mail (worn)
 c - a +0 buckler
Scrolls
 e - a scroll of teleportation {unknown}
 f - a scroll of butterflies {unknown}
Potions
 d - a potion of might


   Skills:
 + Level 3.3 Fighting
 + Level 2.0 Maces & Flails
 + Level 3.5 Armour
 + Level 3.3 Shields


You couldn't memorise any spells.
You didn't know any spells.
Your spell library was empty.

Dungeon Overview and Level Annotations

Branches:
Dungeon (1/15)

Altars:


Innate Abilities, Weirdness & Mutations

You are immune to sickness and miasma.
Your stone body is resilient. (AC +2)
You are immune to poison.
You resist negative energy. (rN+)
You are resistant to electric shocks. (rElec)
You are resistant to unholy torment.
You are immune to petrification.


Message History

The hobgoblin closely misses you. The dart slug launches a dart at you.
The slug dart hits you but does no damage.
You hit the hobgoblin but do no damage.
The hobgoblin is lightly wounded.
The frilled lizard closely misses you. The hobgoblin hits you.
The dart slug launches a dart at you. The slug dart hits you.
You hit the hobgoblin.
You kill the hobgoblin!
The frilled lizard bites you but does no damage.
You barely miss the frilled lizard.
The frilled lizard bites you but does no damage.
The frilled lizard closely misses you.
You hit the dart slug.
The dart slug is lightly wounded.
The dart slug bites you. The frilled lizard bites you.
You hit the dart slug.
The dart slug is heavily wounded.
The frilled lizard bites you but does no damage.
The dart slug bites you.
You are too injured to fight recklessly!
You are too injured to fight recklessly!
You are too injured to fight recklessly!
You are too injured to fight recklessly!
You are too injured to fight recklessly!
You are too injured to fight recklessly!
You are too injured to fight recklessly!
You are too injured to fight recklessly!
You hit the dart slug.
You kill the dart slug!
The frilled lizard bites you. x2
* * * LOW HITPOINT WARNING * * *
You miss the frilled lizard.
The frilled lizard bites you but does no damage.
You closely miss the frilled lizard. The frilled lizard closely misses you.
You miss the frilled lizard. The frilled lizard bites you.
* * * LOW HITPOINT WARNING * * *
The frilled lizard bites you.
You die...

....................
..............####.##
.#..................
.....####.....#...#.
..... #.....#...#
.....####.....#...#
....................
.................###
.......@.........#
.###...l†..#####.#
#.......# .#
#.......# +.........
#..........
#.....####.# #######
.#


You could see a frilled lizard.

Vanquished Creatures
  A dart slug (D:1)
  A hobgoblin (D:1)
2 creatures vanquished.

Notes
Turn   | Place    | Note
-------+----------+-------------------------------------------
     0 | D:1      | dialectric the Gargoyle Fighter began the quest for the
                  | Orb.
     0 | D:1      | Reached XP level 1. HP: 14/14 MP: 1/1
    56 | D:1      | Slain by a frilled lizard

Illustrated notes

Levels and vault maps discovered:
D:1:      heliophobic_arrival_henge, layout_basic,
          hellmonk_ecumenical_altar_watching_god,
          wander_ebering_terrifying_dragon_lair

Action                     || total
---------------------------++-------
  Melee: Flail             ||    10
 Armour: Scale mail        ||     7
  Dodge: Dodged            ||     5
